Map: Dusk Towers

Players

LilDicky

  • Race: Terran Terran
  • League: Diamond

TheOddRace - Winner!

  • Race: Zerg Zerg

VOD

http://www.twitch.tv/tumescentpie

Description

Time

  • Played on: Dec. 23, 2015, 10:24 p.m.
  • Length: 7:11
Show
View Real Time Build Order
Export as new Build Order

LilDicky Terran 

Build Orders: Command Center First (CC), MMM Bio 

Get SALT Encoding   

  12  0:06  SCV  
  13  0:19  SCV  
  14  0:31  SCV  
  15  1:08  Command Center  
  15  1:20  Supply Depot  
  15  1:38  Command Center  
  15  1:42  SCV  
  15  1:43  Barracks  
  16  1:54  SCV  
  17  2:14  SCV  
  18  2:20  SCV  
  19  2:26  SCV  
  20  2:30  Marine  
  20  2:34  Orbital Command  
  21  2:38  Orbital Command  
  21  2:52  Orbital Command  
  21  3:00  Command Center  
  21  3:03  Marine  
  22  3:10  SCV  
  22  3:11  SCV  
  23  3:20  Refinery x2  
  23  3:26  Refinery x2  
  23  3:28  SCV  
  23  3:30  Marine  
  25  3:35  SCV  
  25  3:37  SCV  
  27  3:42  SCV  
  27  3:47  SCV  
  27  3:48  Marine  
  29  3:54  SCV  
  29  3:55  SCV  
  32  3:59  SCV  
  33  4:06  SCV  
  33  4:09  SCV  
  35  4:14  Barracks x2  
  35  4:15  Factory  
  35  4:18  Barracks Tech Lab  
  35  4:22  SCV  
  35  4:23  Orbital Command  
  36  4:32  SCV  
  36  4:33  SCV  
  38  4:38  SCV  
  38  4:41  Stimpack, Marine  
  38  4:44  SCV  
  41  4:46  SCV  
  41  4:50  SCV  
  43  4:56  SCV  
  43  4:59  Factory Reactor  
  44  5:03  Starport  
  44  5:12  Barracks Tech Lab x2  
  44  5:13  Barracks Reactor, Marine  
  45  5:14  SCV  
  45  5:15  SCV x2  
  45  5:21  Orbital Command  
  49  5:25  SCV  
  49  5:26  SCV  
  49  5:27  SCV  
  51  5:31  Marine  
  51  5:32  Marine  
  51  5:33  Combat Shields  
  53  5:37  SCV  
  53  5:40  Barracks  
  53  5:41  Barracks x3  
  53  5:45  Supply Depot  
  53  5:46  Orbital Command  
  53  5:47  Supply Depot  
  53  5:49  Marine  
  50  5:50  Marine  
  50  5:55  SCV  
  50  5:57  SCV x2  
  54  5:59  Marine x2  
  56  6:07  SCV, Marine  
  56  6:08  Marine  
  59  6:11  Medivac x2  
  59  6:12  Supply Depot  
  59  6:13  SCV  
  59  6:14  SCV  
  59  6:15  Factory Reactor  
  59  6:17  Marine x2  
  61  6:40  Marine x2  
  61  6:44  Barracks Tech Lab x2  
  61  6:45  Barracks Tech Lab  
  61  6:46  Barracks Tech Lab  
Show
View Real Time Build Order
Export as new Build Order

TheOddRace Zerg - Winner!

Build Orders: Hatch First 

Get SALT Encoding   

  12  0:01  Drone  
  13  0:12  Overlord  
  13  0:17  Drone  
  14  0:30  Drone x2  
  14  0:35  Drone  
  17  0:46  Drone  
  18  0:58  Hatchery  
  17  1:11  Spawning Pool  
  16  1:14  Drone  
  16  1:16  Extractor  
  16  1:19  Drone  
  16  1:22  Drone  
  18  1:43  Drone x2  
  20  1:52  Overlord  
  20  1:57  Queen  
  22  2:12  Zergling x2  
  23  2:21  Queen  
  25  2:23  Drone x2  
  27  2:31  Metabolic Boost  
  27  2:36  Zergling x2  
  27  2:37  Zergling x4  
  30  2:40  Drone  
  31  2:45  Drone  
  31  2:49  Overlord  
  32  3:02  Drone, Spine Crawler  
  32  3:10  Drone x3  
  32  3:11  Drone  
  36  3:27  Hatchery, Drone x2  
  37  3:33  Extractor  
  36  3:34  Drone  
  36  3:36  Drone x3  
  40  3:53  Zergling x4  
  42  3:57  Drone  
  42  3:58  Roach Warren  
  42  4:03  Drone x2  
  43  4:18  Lair  
  43  4:21  Overlord x3  
  43  4:24  Extractor  
  42  4:25  Drone  
  42  4:26  Drone, Extractor  
  43  4:33  Evolution Chamber x2  
  43  4:35  Drone x2  
  43  4:38  Queen  
  43  4:41  Drone  
  46  4:47  Drone x3  
  49  4:57  Roach x7  
  63  5:00  Overlord  
  63  5:16  Spire  
  63  5:19  Glial Reconstitution  
  62  5:25  Drone x2  
  62  5:27  Drone  
  65  5:31  Spore Crawler  
  65  5:35  Spore Crawler  
  63  5:36  Drone x2  
  63  5:38  Drone x2  
  65  5:51  Roach  
  65  5:52  Roach x3  
  74  5:57  Ravager  
  74  5:58  Ravager  
  74  6:00  Ravager  
  74  6:01  Roach x2  
  80  6:08  Drone  
  81  6:13  Overlord x3  
  80  6:41  Roach x3  
  80  6:42  Roach  
Tags
 
Add a new tag
Caveats
  • Supply blocks, unpowered buildings, or Contaminate may cause inaccurate times.
  • Supply counts are checked every 10 seconds.